 Dungeon Crawl Stone Soup version 0.17-a0-945-g601bd79 (webtiles) character file.

134593 oplop the Covert (level 17, -8/107 HPs)
             Began as a Kobold Assassin on May 6, 2015.
             Was a High Priest of Okawaru.
             Shot with a sling bullet by a satyr (18 damage)
             ... on level 4 of the Shoals.
             The game lasted 02:30:01 (36915 turns).

oplop the Covert (Kobold Assassin)                 Turns: 36915, Time: 02:30:01

Health: -8/107     AC: 11    Str: 12    XL:     17   Next: 75%
Magic:  14/32      EV: 38    Int: 11    God:    Okawaru [*****.]
Gold:   1663       SH: 11    Dex: 32    Spells: 6 memorised, 21 levels left

rFire  + . .     SeeInvis +     b - +0 blowgun
rCold  + + +     Clarity  .     W - +4 skin of Zhor {rC+++}
rNeg   . . .     SustAb   .     J - +1 buckler
rPois  +         Gourm    .     (helmet restricted)
rElec  .         Spirit   .     P - +0 cloak
rCorr  +         Warding  .     M - +0 pair of gloves {Dex+3}
rMut   .         Stasis   .     u - +1 pair of boots "Solunaph" {rC+ Dex+3}
MR     +....                    G - amulet "Boczu" {rCorr rPois Str-4 Int+4}
Stlth  +++++++++.               T - ring of see invisible
                                k - ring of Tulips {Fire Str+6}

@: afraid, heroism, portal projectile, mesmerised, somewhat resistant to hostile
enchantments, incredibly stealthy
A: antennae 1, claws 1, thin skeletal structure 1, carnivore 3, dopey 1,
evolution 1
a: Heroism, Finesse, Renounce Religion


You were on level 4 of the Shoals.
You worshipped Okawaru.
Okawaru was extremely pleased with you.
You were not hungry.

You visited 4 branches of the dungeon, and saw 28 of its levels.
You also visited: Ossuary and Ice Cave.

You collected 1767 gold pieces.
You spent 104 gold pieces at shops.

Inventory:

Hand weapons
 a - a +4 quick blade of piercing
 b - a +0 blowgun (weapon)
Missiles
 e - 25 tomahawks
 f - 3 tomahawks of dispersal
 i - 3 needles of frenzy
 y - 3 needles of paralysis
 D - 19 tomahawks of returning
 O - 10 needles of sleeping
 U - 5 throwing nets
 V - 9 needles of confusion (quivered)
Armour
 u - the +1 pair of boots "Solunaph" (worn) {rC+ Dex+3}
   (Okawaru gifted it to you on level 8 of the Lair of Beasts)

   It affects your dexterity (+3).
   It protects you from cold.
 J - a +1 buckler (worn)
 M - a +0 pair of gloves of dexterity (worn)
 P - a +0 cloak (worn)
 W - the +4 skin of Zhor (worn) {rC+++}
   (You took it off an orc on level 10 of the Dungeon)

   It renders you almost immune to cold.
Jewellery
 k - the ring of Tulips (left hand) {Fire Str+6}
   (You found it on level 2 of the Shoals)

   [ring of fire]

   It enhances your fire magic, and weakens your ice magic.
   It affects your strength (+6).
   It protects you from fire.
   It makes you vulnerable to cold.
 l - an uncursed ring of fire
 G - the amulet "Boczu" (around neck) {rCorr rPois Str-4 Int+4}
   (You found it on level 14 of the Dungeon)

   [amulet of resist corrosion]

   It protects you from acid and corrosion.
   It affects your strength (-4).
   It affects your intelligence (+4).
   It protects you from poison.
 R - an uncursed ring of sustain abilities
 T - a ring of see invisible (right hand)
Magical devices
 C - a wand of lightning (4)
 I - a wand of teleportation (0)
 Y - a wand of teleportation (5)
Scrolls
 d - a scroll of brand weapon
 h - 12 scrolls of remove curse
 n - 4 scrolls of fog
 q - 2 scrolls of blinking
 z - 3 scrolls of teleportation
 K - 6 scrolls of magic mapping
 L - 8 scrolls of identify
 X - a scroll of fear
Potions
 c - 2 potions of cancellation
 m - 2 potions of cure mutation
 r - a potion of invisibility
 s - 9 potions of brilliance
 t - 5 potions of haste
 w - 3 potions of agility
 x - 6 potions of curing
 A - a potion of flight
 E - a potion of heal wounds
 F - 4 potions of might
 H - a potion of resistance
 Q - a potion of magic
Comestibles
 g - 8 meat rations


   Skills:
 + Level 12.3(17.3) Fighting
 - Level 11.7(16.7) Short Blades
 - Level 12.1(17.1) Throwing
 - Level 13.4(18.4) Dodging
 - Level 13.9(18.9) Stealth
 - Level 5.0(10.0) Shields
 - Level 11.2 Spellcasting
 + Level 7.5 Charms
 + Level 9.1 Necromancy
 - Level 8.1 Translocations
 - Level 6.8 Invocations


You had 21 spell levels left.
You knew the following spells:

 Your Spells              Type           Power        Failure   Level  Hunger
a - Portal Projectile     Tloc           ###...       1%          3    ##.....
b - Blink                 Tloc           N/A          1%          2    None
c - Passage of Golubria   Tloc           N/A          6%          4    ####...
d - Apportation           Tloc           ###.......   1%          1    None
e - Excruciating Wounds   Chrm/Necr      ###.......   12%         5    #####..
f - Repel Missiles        Chrm/Air       ##....       3%          2    None


Dungeon Overview and Level Annotations

Branches:
Dungeon (15/15)            Temple (1/1) D:4            Lair (8/8) D:8
 Shoals (4/4) Lair:6        Snake (0/4) Lair:3        Slime (0/6) Lair:6
    Orc (0/4) D:12         Depths (0/5) D:15
 Vaults: D:13-14

Altars:
Ashenzari
Cheibriados
Dithmenos
Elyvilon
Fedhas
Gozag
Kikubaaqudgha
Makhleb
Nemelex Xobeh
Okawaru
Qazlal
Ru
Sif Muna
Trog
Vehumet
Xom
Yredelemnul
Zin
The Shining One
Jiyva

Shops:
D:9 *   Shoals:3 =

Portals:
Trove: D:14 (give 17 scrolls of identify)

Annotations:
D:5 nago's ghost, experienced NaWr
D:8 exclusion: ice statue
D:12 Don't tell anybody
D:13 vaults, exclusion: door
D:14 exclusion: water elemental
Shoals:1 Josephine


Innate Abilities, Weirdness & Mutations

You are small and have problems with some larger weapons.
You are carnivorous and can eat meat at any time.
You have a pair of small antennae on your head.
You have sharp fingernails.
You have a somewhat thin skeletal structure (Dex +2, Stealth).
You are dopey. (Int -2)
You evolve.


Message History

Aim: a merfolk avatar (mesmerising)
You magically shoot a needle of confusion.
The needle of confusion completely misses the merfolk avatar.
The pull of its song draws you forwards.
The merfolk hits you from afar with a trident.
* * * LOW HITPOINT WARNING * * *
The satyr plays a lulling melody on his pipes!
You fall asleep.
The merfolk avatar chants its luring song.
The merfolk completely misses you.
The snapping turtle completely misses you.
The satyr plays a frightful melody on his pipes!
The satyr radiates an aura of fear!
You are terrified of the satyr!
The merfolk barely misses you.
The merfolk avatar chants its luring song.
The snapping turtle completely misses you.
The merfolk barely misses you.
The satyr shoots a sling bullet.
The sling bullet hits you!!
You wake up.
You die...

≈≈(....[.......≈.≈≈≈≈≈≈≈≈≈≈≈≈≈≈≈
≈...†.............≈≈≈≈≈≈≈≈≈≈≈≈≈.
≈...######.........≈≈≈≈≈≈≈≈≈≈≈≈.
≈)(#....≈##..........≈≈≈≈≈≈≈≈≈≈.
≈)#.#....≈##.[.((.....≈(≈≈≈≈≈≈≈.
(#≈#..≈#..≈#..(.()).....≈≈≈≈≈≈≈≈
≈#≈≈≈≈≈≈≈.≈#....<.m.....≈≈≈≈≈≈≈.
≈#≈≈≈≈##≈.≈#...((.t(.(....≈≈≈≈≈.
≈#≈≈#≈#≈..≈#..).@≈m.(.....≈≈≈≈≈.
≈#≈≈≈≈≈.)#≈#≈≈..c.((.....######≈
≈##≈....#≈##≈≈≈m....(...#.≈
≈m##≈≈≈≈≈##≈≈≈≈.[...(..#.#≈≈ ≈≈
######≈≈≈≈≈≈≈()...#.#.≈≈
≈≈≈≈≈≈≈.≈....(#.≈m≈
..≈≈≈≈≈≈≈......# .X≈
....≈≈≈≈≈≈≈......# #≈
....≈≈≈≈≈........#


You could see a merfolk avatar, a satyr, a snapping turtle and 2 merfolk.

Vanquished Creatures
  Ilsuiw (Shoals:3)
  A frost giant (D:12)
  Louise (D:14)
  Azrael (D:14)
  The ghost of Jano the Blocker, a powerful FoFi of Qazlal (D:13)
  7 merfolk javelineers
  9 merfolk impalers
  A fire dragon (Lair:8)
  A yaktaur captain (D:15)
  11 hydras
  Harold (D:10)
  An ogre mage (D:15)
  An ice dragon (Lair:6)
  6 centaur warriors
  3 catoblepae
  3 merfolk avatars
  A salamander stormcaller (D:15)
  2 merfolk aquamancers
  12 death yaks
  An alligator snapping turtle (Shoals:4)
  3 tengu warriors (D:15)
  Sonja (D:14)
  9 sea snakes
  4 skeletal warriors (D:12)
  2 unseen horrors
  4 ice devils (IceCv)
  The ghost of Boomshaker the Spear-Bearer, an experienced OpFi of Ashenzari (D:8)
  2 hill giants
  A wizard (D:14)
  A necromancer (Lair:6)
  An orc knight (D:14)
  A lindwurm (Lair:8)
  6 manticores
  A faun (Shoals:2)
  6 harpies
  7 water nymphs
  4 cyclopes
  A griffon (Shoals:1)
  10 elephants
  3 sirens
  5 black mambas
  14 spiny frogs
  A guardian serpent (Lair:3)
  A torpor snail (Lair:8)
  4 centaur skeletons
  10 komodo dragons
  3 gargoyles
  An efreet (D:13)
  A yaktaur (shapeshifter) (D:15)
  A kobold demonologist (D:15)
  2 trolls
  6 fire drakes
  35 merfolk
  5 blue devils (IceCv)
  10 slime creatures
  14 blink frogs
  4 ravens (D:15)
  5 two-headed ogres
  2 boulder beetles (Lair:8)
  3 snapping turtles
  28 yaks
  8 water elementals
  A deep elf mage (D:12)
  A wraith (D:15)
  8 basilisks
  A steam dragon (Lair:7)
  17 hippogriffs
  2 vampire mosquitoes (D:12)
  2 fire elementals (D:14)
  A hill giant zombie (D:12)
  3 wyverns
  4 hungry ghosts
  14 water moccasins
  4 mottled dragons
  2 deep elf fighters
  3 hell hounds (D:14)
  14 wolves
  8 porcupines
  A black bear (D:6)
  9 orc warriors
  22 ice beasts
  A sky beast (D:15)
  An eye of draining (D:12)
  2 swamp drakes (Lair:8)
  A phantom (D:12)
  A wasp (D:9)
  5 ogres
  A necrophage (D:11)
  23 crocodiles
  8 centaurs
  3 big kobolds
  29 giant frogs
  A wyvern skeleton (D:14)
  2 scorpions
  10 wights
  2 troll zombies (D:12)
  A spriggan skeleton (D:14)
  8 electric eels
  18 killer bees
  3 jellies
  6 crimson imps
  3 centaur zombies
  A goliath beetle (Lair:8)
  3 giant frog skeletons
  2 giant frog zombies
  8 hounds
  Ijyb (D:2)
  Jessica (D:2)
  3 orc priests
  16 orc wizards
  9 iguanas
  Natasha (D:2)
  3 polar bear simulacra (Lair:6)
  A wolf simulacrum (Lair:6)
  7 worker ants
  12 sheep
  2 yak simulacra (Lair:6)
  5 ogre zombies (D:12)
  2 hound skeletons
  A worker ant zombie (D:9)
  16 gnolls
  110 river rats
  2 shadow imps
  9 adders
  11 white imps
  6 ufetubi (IceCv)
  2 oozes
  An adder skeleton (D:9)
  An adder zombie (Ossuary)
  9 giant geckos
  50 orcs
  A bat zombie (D:5)
  2 giant cockroaches
  2 gnoll zombies (Ossuary)
  12 goblins
  15 hobgoblins
  9 jackals
  27 kobolds
  2 ball pythons
  23 bats
  A giant gecko skeleton (D:4)
  4 giant newts
  A giant spore (D:14)
  2 goblin skeletons (D:12)
  2 goblin zombies (D:12)
  2 hobgoblin skeletons (D:12)
  10 hobgoblin zombies
  2 kobold zombies (Ossuary)
  2 orc skeletons (D:12)
  11 orc zombies (D:12)
  4 quokkas
  3 quokka zombies (Ossuary)
  22 rats
  3 rat zombies (Ossuary)
  5 river rat simulacra (Lair:6)
  4 ballistomycetes
1008 creatures vanquished.

Vanquished Creatures (collateral kills)
  A merfolk impaler (Shoals:2)
  4 elephants (Lair:8)
  A merfolk (Shoals:2)
  A water elemental (Shoals:3)
  A steam dragon (Lair:8)
8 creatures vanquished.

Vanquished Creatures (others)
  6 drowned souls
  A steam dragon (Lair:8)
  An iguana (Lair:8)
  2 ufetubi (IceCv)
  2 giant spores (D:12)
  2 fungi (Lair:8)
  2 plants
16 creatures vanquished.

Grand Total: 1032 creatures vanquished

Notes
Turn   | Place    | Note
--------------------------------------------------------------
     0 | D:1      | oplop, the Kobold Assassin, began the quest for the Orb.
     0 | D:1      | Reached XP level 1. HP: 12/12 MP: 1/1
   361 | D:1      | Reached XP level 2. HP: 13/18 MP: 2/2
   426 | D:1      | Reached skill level 1 in Short Blades
   695 | D:1      | Reached XP level 3. HP: 19/22 MP: 3/3
   931 | D:2      | Found a glowing golden altar of the Shining One.
  1109 | D:2      | Noticed Natasha
  1120 | D:2      | Killed Natasha
  1120 | D:2      | Reached XP level 4. HP: 18/28 MP: 4/4
  1228 | D:2      | Noticed Ijyb
  1245 | D:2      | Killed Ijyb
  1269 | D:2      | Noticed Jessica
  1271 | D:2      | Killed Jessica
  1271 | D:2      | Reached XP level 5. HP: 30/33 MP: 5/5
  2034 | D:3      | Reached XP level 6. HP: 19/39 MP: 6/6
  2872 | D:4      | Found a staircase to the Ecumenical Temple.
  2879 | Temple   | Entered the Ecumenical Temple
  3066 | Temple   | Became a worshipper of Warmaster Okawaru
  3302 | D:5      | Entered Level 5 of the Dungeon
  3660 | D:5      | Reached skill level 5 in Short Blades
  3660 | D:5      | Reached XP level 7. HP: 35/44 MP: 7/7
  4069 | D:5      | Reached skill level 5 in Fighting
  4631 | D:5      | Noticed nago's ghost (experienced NaWr)
  4717 | D:6      | Noticed a yak
  4719 | D:6      | Noticed a yak
  4722 | D:6      | Noticed a yak
  4776 | D:6      | Killed a yak
  4776 | D:6      | Acquired Okawaru's first power
  4776 | D:6      | Reached skill level 6 in Short Blades
  4776 | D:6      | Reached skill level 5 in Dodging
  4836 | D:6      | Killed a yak
  4836 | D:6      | Reached XP level 8. HP: 38/51 MP: 8/8
  4852 | D:6      | Killed a yak
  4951 | D:6      | Found a sand-covered staircase.
  4968 | Ossuary  | Entered an ossuary
  5162 | D:6      | Reached skill level 7 in Short Blades
  5841 | D:6      | Reached XP level 9. HP: 51/57 MP: 9/9
  6025 | D:6      | Reached skill level 8 in Short Blades
  7231 | D:8      | Reached skill level 9 in Short Blades
  7528 | D:8      | Reached skill level 5 in Throwing
  7607 | D:8      | Noticed Boomshaker's ghost (experienced OpFi)
  7734 | D:8      | Found a radiant altar of Vehumet.
  7734 | D:8      | Found an opulent altar of Gozag.
  7862 | D:8      | Reached skill level 1 in Shields
  8437 | D:9      | Reached XP level 10. HP: 61/63 MP: 10/10
  8979 | D:9      | Found Xieblu Homme's General Store.
  8987 | D:9      | Bought a scroll of identify for 22 gold pieces
  8987 | D:9      | Bought a scroll of enchant weapon for 82 gold pieces
  9627 | D:10     | Entered Level 10 of the Dungeon
 10001 | D:10     | Noticed a hill giant
 10004 | D:10     | Found a shimmering altar of Xom.
 10061 | D:10     | Killed a hill giant
 10282 | D:10     | Reached skill level 5 in Shields
 10389 | D:10     | Noticed Harold
 10455 | D:10     | Killed Harold
 10455 | D:10     | Received a gift from Okawaru
 10746 | D:10     | Received a gift from Okawaru
 10746 | D:10     | Reached skill level 10 in Stealth
 10821 | D:10     | Reached XP level 11. HP: 68/68 MP: 11/11
 11166 | D:11     | Noticed a manticore
 11245 | D:11     | Reached skill level 1 in Invocations
 11309 | D:11     | Reached skill level 10 in Short Blades
 11320 | D:11     | Received a gift from Okawaru
 11432 | D:11     | Killed a manticore
 11765 | D:11     | Killed an unseen horror
 11804 | D:11     | Noticed an eight-headed hydra
 11821 | D:11     | Killed an eight-headed hydra
 11821 | D:11     | Acquired Okawaru's second power
 11821 | D:11     | Received a gift from Okawaru
 12227 | D:11     | Reached skill level 11 in Short Blades
 12308 | D:12     | Noticed a hill giant
 12312 | D:12     | Received a gift from Okawaru
 12384 | D:12     | Killed a hill giant
 12384 | D:12     | Reached skill level 10 in Throwing
 12412 | D:12     | Noticed a skeletal warrior
 12473 | D:12     | Received a gift from Okawaru
 12622 | D:12     | Reached XP level 12. HP: 24/76 MP: 15/15
 12905 | D:12     | Found a staircase to the Orcish Mines.
 13107 | D:12     | Reached skill level 5 in Invocations
 13678 | D:8      | Found a staircase to the Lair.
 13723 | D:8      | Noticed an ice statue
 14141 | D:8      | Killed Boomshaker's ghost
 14294 | Lair:1   | Entered Level 1 of the Lair of Beasts
 14574 | Lair:1   | Received a gift from Okawaru
 14675 | Lair:1   | Reached skill level 10 in Fighting
 14705 | Lair:1   | Noticed a six-headed hydra
 14714 | Lair:1   | Killed a six-headed hydra
 14714 | Lair:1   | Received a gift from Okawaru
 15273 | Lair:2   | Noticed an eight-headed hydra
 15290 | Lair:2   | Killed an eight-headed hydra
 15330 | Lair:2   | Received a gift from Okawaru
 15526 | Lair:2   | Found a snail-covered altar of Cheibriados.
 15946 | Lair:3   | Received a gift from Okawaru
 16048 | Lair:3   | Found a staircase to the Snake Pit.
 16066 | Lair:3   | Received a gift from Okawaru
 16115 | Lair:3   | Found a frozen archway.
 16119 | IceCv    | Entered an ice cave
 16222 | IceCv    | Received a gift from Okawaru
 16392 | IceCv    | Reached XP level 13. HP: 76/83 MP: 18/18
 16502 | IceCv    | Reached skill level 10 in Dodging
 16506 | IceCv    | Received a gift from Okawaru
 16506 | IceCv    | Reached skill level 12 in Throwing
 16580 | IceCv    | Got a pair of heavily runed boots
 16592 | IceCv    | Identified the cursed +0 pair of boots of Lugonu's Fury {MR+} (You found it in an ice cave)
 16594 | IceCv    | Got a bloodstained broad axe
 16745 | Lair:3   | Identified the +7 broad axe "Vannurphoif" {chop, rN+ Str+2} (You found it in an ice cave)
 16758 | Lair:3   | Learned a level 3 spell: Portal Projectile
 16761 | Lair:3   | Learned a level 2 spell: Blink
 16897 | Lair:3   | Received a gift from Okawaru
 16950 | Lair:3   | Noticed a five-headed hydra
 16961 | Lair:3   | Killed a five-headed hydra
 16961 | Lair:3   | Reached skill level 1 in Spellcasting
 16961 | Lair:3   | Reached skill level 1 in Translocations
 17193 | Lair:3   | Received a gift from Okawaru
 17236 | Lair:3   | Noticed a six-headed hydra
 17251 | Lair:3   | Killed a six-headed hydra
 17251 | Lair:3   | Received a gift from Okawaru
 17854 | Lair:4   | Received a gift from Okawaru
 18189 | Lair:4   | Learned a level 4 spell: Passage of Golubria
 18192 | Lair:4   | Learned a level 1 spell: Apportation
 19061 | Lair:5   | Received a gift from Okawaru
 19061 | Lair:5   | Reached XP level 14. HP: 65/90 MP: 18/20
 19213 | Lair:5   | Reached skill level 5 in Translocations
 19963 | Lair:6   | Found a viscous altar of Jiyva.
 19963 | Lair:6   | Found a staircase to the Slime Pits.
 20202 | Lair:6   | Reached skill level 5 in Spellcasting
 20599 | Lair:6   | Found a staircase to the Shoals.
 21782 | Lair:7   | Received a gift from Okawaru
 22003 | Lair:7   | Received a gift from Okawaru
 22080 | Lair:7   | Got a slimy hat {god gift}
 22091 | Lair:7   | Identified the +0 hat of Agoraphobia {rElec rCorr Dex+9 Slay-2} (Okawaru gifted it to you on level 7 of the Lair of Beasts)
 22570 | Lair:8   | Entered Level 8 of the Lair of Beasts
 23456 | Lair:8   | Reached XP level 15. HP: 91/96 MP: 24/24
 24078 | Lair:8   | Reached skill level 13 in Dodging
 24401 | Lair:8   | Received a gift from Okawaru
 24751 | Lair:8   | Received a gift from Okawaru
 24763 | Lair:8   | Got a pair of steaming boots {god gift}
 24775 | Lair:8   | Identified the +1 pair of boots "Solunaph" {rC+ Dex+3} (Okawaru gifted it to you on level 8 of the Lair of Beasts)
 25491 | Lair:1   | Learned a level 5 spell: Excruciating Wounds
 26042 | D:12     | Reached skill level 1 in Necromancy
 26197 | D:12     | Killed a skeletal warrior
 26197 | D:12     | Reached skill level 1 in Charms
 26202 | D:12     | Noticed a skeletal warrior
 26203 | D:12     | Noticed a skeletal warrior
 26204 | D:12     | Noticed a skeletal warrior
 26288 | D:12     | Killed a skeletal warrior
 26307 | D:12     | Killed a skeletal warrior
 26325 | D:12     | Killed a skeletal warrior
 26565 | D:12     | Noticed a frost giant
 26575 | D:12     | Killed a frost giant
 27458 | D:13     | Noticed Jano's ghost (powerful FoFi)
 27615 | D:12     | Noticed a six-headed hydra
 27626 | D:12     | Killed a six-headed hydra
 27844 | D:13     | Killed Jano's ghost
 27844 | D:13     | Received a gift from Okawaru
 27862 | D:13     | Learned a level 2 spell: Repel Missiles
 28485 | D:14     | Noticed Louise
 28492 | D:14     | Killed Louise
 28492 | D:14     | Reached XP level 16. HP: 64/101 MP: 28/28
 28659 | D:14     | Noticed Sonja
 28670 | D:14     | Killed Sonja
 28701 | D:14     | Paralysed by a wizard for 4 turns
 28889 | D:14     | Noticed Azrael
 28932 | D:14     | Killed Azrael
 29077 | D:14     | Found a runed door.
 29260 | D:14     | Got a glittering zirconium amulet
 29261 | D:14     | Identified the amulet "Boczu" {rCorr rPois Str-4 Int+4} (You found it on level 14 of the Dungeon)
 29284 | D:14     | Found a portal to a secret trove of treasure.
 29444 | D:15     | Entered Level 15 of the Dungeon
 29786 | D:15     | Received a gift from Okawaru
 30303 | D:15     | Received a gift from Okawaru
 30310 | D:15     | Reached skill level 5 in Necromancy
 30451 | D:15     | Gained mutation: Your body sometimes deteriorates upon taking damage. [mutagenic meat]
 30708 | D:15     | Found a staircase to the Depths.
 31262 | Shoals:1 | Entered Level 1 of the Shoals
 31584 | Shoals:1 | Noticed Josephine
 31866 | Shoals:2 | Got a warped glass ring
 31868 | Shoals:2 | Identified the ring of Tulips {Fire Str+6} (You found it on level 2 of the Shoals)
 31894 | Shoals:2 | Reached skill level 5 in Charms
 32379 | Shoals:2 | Gained mutation: You can spit weak poison. [potion of mutation]
 32379 | Shoals:2 | Gained mutation: You have sharp fingernails. [potion of mutation]
 32379 | Shoals:2 | Gained mutation: You are partially covered in rough black scales (AC +4, Dex -1). [potion of mutation]
 32483 | Shoals:2 | Reached skill level 10 in Spellcasting
 32488 | Shoals:2 | Gained mutation: Armour fits poorly on your strangely shaped body. [potion of mutation]
 32488 | Shoals:2 | Gained mutation: You have a pair of small antennae on your head. [potion of mutation]
 32489 | Shoals:2 | Lost mutation: You can spit weak poison. [potion of cure mutation]
 32489 | Shoals:2 | Lost mutation: Armour fits poorly on your strangely shaped body. [potion of cure mutation]
 32489 | Shoals:2 | Lost mutation: Your body sometimes deteriorates upon taking damage. [potion of cure mutation]
 32489 | Shoals:2 | Lost mutation: You are partially covered in rough black scales (AC +4, Dex -1). [potion of cure mutation]
 32663 | Shoals:3 | Found Daplaf's Jewellery Boutique.
 32743 | Shoals:3 | Received a gift from Okawaru
 33151 | Shoals:4 | Entered Level 4 of the Shoals
 33155 | Shoals:4 | Noticed Ilsuiw
 33177 | Shoals:4 | Reached XP level 17. HP: 68/106 MP: 23/31
 33925 | Shoals:4 | Received a gift from Okawaru
 35198 | Shoals:3 | Killed Ilsuiw
 35198 | Shoals:3 | Received a gift from Okawaru
 35431 | Shoals:4 | Noticed a kraken
 35453 | Shoals:4 | Gained mutation: You evolve. [potion of mutation]
 35453 | Shoals:4 | Gained mutation: You are dopey. (Int -2) [potion of mutation]
 35625 | Shoals:4 | Gained mutation: You have a somewhat thin skeletal structure (Dex +2, Stealth). [evolution]
 35796 | Shoals:3 | Received a gift from Okawaru
 36915 | Shoals:4 | Shot with a sling bullet by a satyr

Action                   |  1- 3 |  4- 6 |  7- 9 | 10-12 | 13-15 | 16-18 || total
-------------------------+-------+-------+-------+-------+-------+-------++-------
Melee: Dagger            |    78 |   239 |   143 |  1181 |       |       ||  1641
       Whip              |       |       |   365 |   124 |       |       ||   489
       Quick blade       |       |       |       |    22 |  2869 |  1245 ||  4136
 Fire: Blowgun           |     5 |    50 |    77 |    95 |   134 |   111 ||   472
Throw: Tomahawk          |       |       |    13 |    90 |    56 |    78 ||   237
       Throwing net      |       |       |       |     2 |    10 |    31 ||    43
 Cast: Apportation       |       |       |       |       |     2 |    19 ||    21
       Passage of Golubr |       |       |       |       |     3 |     5 ||     8
       Blink             |       |       |       |       |     4 |    13 ||    17
       Portal Projectile |       |       |       |       |     7 |    31 ||    38
       Repel Missiles    |       |       |       |       |       |     8 ||     8
       Excruciating Woun |       |       |       |       |       |    16 ||    16
Invok: Heroism           |       |       |     5 |     9 |    21 |    14 ||    49
       Finesse           |       |       |       |     1 |     1 |       ||     2
Evoke: Wand              |       |       |     7 |     2 |     1 |     1 ||    11
  Use: Scroll            |       |       |    10 |    15 |    11 |     6 ||    42
       Potion            |       |       |       |     1 |     4 |     6 ||    11
 Stab: Sleeping          |     7 |     9 |    11 |    30 |    66 |    43 ||   166
       Distracted        |       |     1 |     3 |     1 |    11 |     8 ||    24
       Confused          |       |       |       |     5 |    41 |    29 ||    75
       Held in net/web   |       |       |       |     2 |    11 |    26 ||    39
       Paralysed         |       |       |       |       |     1 |       ||     1
  Eat: Chunk             |       |    12 |    11 |    31 |    33 |    40 ||   127
       Meat ration       |       |       |     1 |       |       |       ||     1
       Pizza             |       |       |       |       |     1 |       ||     1
